Map: Orbital Shipyard

Players

NightEnD

  • Race: Protoss Protoss
  • League: Grandmaster

IIIIIIIIIIII - Winner!

  • Race: Terran Terran
  • League: Master

VOD

Have the link to the VOD?

Description

Time

  • Played on: Jan. 10, 2016, 11:32 p.m.
  • Length: 6:24
Show
View Real Time Build Order
Export as new Build Order

NightEnD Protoss 

Build Orders: 1 Gate Expand 

Get SALT Encoding   

  12  0:02  Probe (Chrono Boost)  
  13  0:13  Probe (Chrono Boost)  
  14  0:18  Pylon  
  14  0:23  Probe (Chrono Boost)  
  15  0:37  Gateway, Probe (Chrono Boost)  
  16  0:47  Probe (Chrono Boost)  
  17  0:58  Probe (Chrono Boost)  
  18  1:08  Probe (Chrono Boost)  
  19  1:15  Nexus  
  19  1:21  Assimilator  
  19  1:23  Assimilator  
  19  1:32  Cybernetics Core  
  19  1:35  Probe (Chrono Boost)  
  20  1:46  Probe (Chrono Boost)  
  21  1:51  Pylon  
  21  1:56  Probe (Chrono Boost)  
  22  2:12  Mothership Core (Chrono Boost), Adept  
  26  2:21  Warp Gate  
  26  2:28  Probe (Chrono Boost)  
  27  2:30  Probe (Chrono Boost)  
  28  2:38  Probe (Chrono Boost)  
  28  2:40  Robotics Facility  
  28  2:43  Probe (Chrono Boost)  
  30  2:45  Adept  
  30  2:49  Probe (Chrono Boost)  
  33  2:53  Probe (Chrono Boost)  
  34  2:59  Probe (Chrono Boost)  
  34  3:04  Probe (Chrono Boost)  
  36  3:10  Probe (Chrono Boost)  
  36  3:12  Adept  
  39  3:14  Probe (Chrono Boost)  
  40  3:20  Pylon, Probe (Chrono Boost)  
  40  3:25  Probe (Chrono Boost)  
  43  3:27  Observer (Chrono Boost)  
  43  3:29  Probe  
  44  3:34  Forge  
  44  3:35  Twilight Council  
  44  3:37  Assimilator  
  44  3:39  Probe, Assimilator  
  45  3:42  Probe, Adept  
  48  3:49  Observer (Chrono Boost)  
  48  3:51  Probe  
  48  3:53  Pylon, Probe  
  51  4:03  Probe x2  
  53  4:15  Probe  
  48  4:18  Probe  
  47  4:27  Adept  
  48  4:37  Probe  
  45  4:50  Adept  
  46  4:53  Mothership Core (Chrono Boost)  
  46  4:59  Pylon  
  39  5:14  Adept  
  39  5:19  Gateway  
  39  5:20  Gateway  
  45  5:34  Stalker  
  45  5:35  Probe  
  47  5:37  Probe  
  44  5:47  Probe  
  44  5:49  Probe  
  46  5:59  Probe  
  46  6:01  Probe  
  48  6:05  Adept  
  50  6:11  Probe  
  50  6:17  Adept x2  
Show
View Real Time Build Order
Export as new Build Order

IIIIIIIIIIII Terran - Winner!

Build Orders: 1/1/1, Liberator Opening 

Get SALT Encoding   

  12  0:01  SCV  
  13  0:13  SCV  
  14  0:17  Supply Depot  
  14  0:25  SCV  
  15  0:39  SCV  
  15  0:42  Barracks  
  16  0:45  Refinery  
  16  0:52  Refinery, SCV  
  17  1:04  SCV  
  18  1:17  SCV  
  19  1:29  Orbital Command  
  19  1:31  Marine  
  20  1:35  Factory  
  20  1:39  Supply Depot  
  20  1:50  Barracks Reactor  
  20  1:55  SCV  
  21  2:07  SCV  
  22  2:18  Widow Mine  
  22  2:19  SCV, Starport  
  25  2:27  Supply Depot  
  25  2:29  Marine x2  
  27  2:31  SCV  
  28  2:43  SCV  
  29  2:46  Marine  
  29  2:48  Factory Tech Lab  
  29  2:50  Supply Depot  
  30  2:53  Marine  
  30  2:55  Medivac  
  30  2:57  SCV  
  34  3:08  Liberator  
  34  3:10  Siege Tank  
  34  3:12  Supply Depot, Marine  
  37  3:16  Marine  
  42  3:33  Marine x2  
  44  3:38  Barracks  
  44  3:44  Siege Tank  
  47  3:53  Supply Depot  
  47  3:55  Marine x2  
  49  4:08  Supply Depot  
  49  4:13  Marine x2  
  50  4:22  Siege Tank  
  52  4:24  Liberator  
  52  4:30  Marine  
  52  4:31  Marine  
  53  4:42  Marine  
  57  4:48  Marine  
  57  4:51  Marine  
  59  4:59  Marine  
  59  5:02  Siege Tank  
  59  5:06  Marine  
  64  5:18  Marine x2  
  65  5:24  Marine  
  65  5:25  Engineering Bay  
  65  5:26  Medivac  
  65  5:36  Marine  
  66  5:47  Marine x2  
  66  5:49  Siege Tank  
  71  5:58  Supply Depot, Missile Turret  
  71  6:12  Supply Depot  
Tags
 
Add a new tag
Caveats
  • Supply blocks, unpowered buildings, or Contaminate may cause inaccurate times.
  • Supply counts are checked every 10 seconds.